 Dungeon Sprint DCSS version 0.17-a0-2058-g8b0eb12 (webtiles) character file.

629 Ordine the Imperceptible (level 7, 8/32 HPs)
             Began as a Spriggan Enchanter on Oct 12, 2015.
             Was an Initiate of Dithmenos.
             Quit the game in the Dungeon (Sprint I: "Red Sonja").
             The game lasted 00:01:57 (215 turns).

Ordine the Imperceptible (Spriggan Enchanter)        Turns: 215, Time: 00:01:58

Health: 8/32       AC:  3    Str:  4    XL:     7   Next: 23%
Magic:  1/12       EV: 15    Int: 18    God:    Dithmenos [......]
Gold:   410        SH:  0    Dex: 17    Spells: 4 memorised, 2 levels left

rFire  . . .     SeeInvis +     a - +1 dagger
rCold  . . .     Clarity  .     b - +1 robe
rNeg   . . .     SustAt   .     (shield restricted)
rPois  .         Gourm    .     (helmet restricted)
rElec  .         Spirit   .     (no cloak)
rCorr  .         Warding  .     (gloves unavailable)
rMut   .         NoTele   +     (boots unavailable)
MR     +....                    (no amulet)
Stlth  ++++++++..               (no ring)
                                (no ring)

@: lethally poisoned (8 -> -10), very slightly contaminated, slowed, very
heavily drained, quick, somewhat resistant to hostile enchantments,
extraordinarily stealthy
A: unfitting armour, see invisible, herbivore 3, speed 3, slow metabolism 2
a: Renounce Religion


You were in the Dungeon.
You worshipped Dithmenos.
Dithmenos was noncommittal.
You were not hungry.

You visited 1 branch You collected 410 gold pieces.

Inventory:

Hand Weapons
 a - a +1 dagger (weapon)
Armour
 b - a +1 robe (worn)
Scrolls
 j - a scroll of blinking
Potions
 g - a potion of haste
 h - 2 potions of magic
Comestibles
 d - a bread ration


   Skills:
 - Level 1.1(0.0) Short Blades
 - Level 3.0(0.0) Dodging
 + Level 21.6(16.7) Stealth
 - Level 2.6(0.0) Spellcasting
 - Level 3.6(0.4) Hexes


You had 2 spell levels left.
You knew the following spells:

 Your Spells              Type           Power        Failure   Level  Hunger
a - Corona                Hex            #......      21%         1    ##.....
b - Ensorcelled Hibernat  Hex/Ice        #.....       34%         2    ###....
c - Confuse               Hex            #.......     69%         3    ####...
d - Dazzling Spray        Conj/Hex       #.......     69%         3    ####...


Dungeon Overview and Level Annotations

Branches:
Dungeon (1/1)

Altars:
Cheibriados
Dithmenos
Elyvilon
Fedhas
Gozag
Kikubaaqudgha
Makhleb
Nemelex Xobeh
Okawaru
Qazlal
Ru
Sif Muna
Trog
Vehumet
Xom
Yredelemnul
Zin
The Shining One
Jiyva

Shops:
D %

Annotations:
D Sonja


Innate Abilities, Weirdness & Mutations

You are tiny and cannot use many weapons and most armour.
You have supernaturally acute eyesight.
You are a herbivore.
You cover ground extremely quickly.
You need consume almost no food.


Message History

Sonja wields an uncursed dagger of draining.
You sense an unholy aura.
Sonja hits you with an uncursed dagger of draining!
You feel drained. Sonja hits you but does no damage.
You feel drained. Sonja misses you.
You feel sick.
Sonja unwields an uncursed dagger of draining.
Sonja wields an uncursed blowgun.
Sonja shoots a curare-tipped needle.
The curare-tipped needle hits you.
You are more poisoned.
You have difficulty breathing.
You feel as though you will be slow longer.
You see here a curare-tipped needle.
Unknown command.
You feel sick.
Sonja gestures wildly while chanting.
Sonja blinks!
* * * LOW HITPOINT WARNING * * *
You feel sick.
Are you sure you want to abandon this character and quit the game? (Confirm with "yes".)

######################
#<.#.)'..#.)'..#__#..+
#..'..#.)'..#..'..'..#
#..#####'#####'#__####
#..####..#.:.#.####
#..#__####..##[#
#..#_..__##'#.@+
#⌠⌠#_.∩...'.(._#
####_..._##_(#'#
#_____###(#|# #######
#§### +$.$+ #$.$#
##K## #+#


There were no monsters in sight!

Vanquished Creatures
  A slime creature (D)
  Sigmund (D)
  A yak (D)
  An ogre (D)
  A jelly (D)
  Ijyb (D)
6 creatures vanquished.

Notes
Turn   | Place    | Note
--------------------------------------------------------------
     0 | D        | Ordine the Spriggan Enchanter began the quest for the Orb.
     0 | D        | Reached XP level 1. HP: 9/9 MP: 5/5
     2 | D        | Noticed Ijyb
    10 | D        | Killed Ijyb
    10 | D        | Reached skill level 10 in Stealth
    10 | D        | Reached XP level 2. HP: 13/13 MP: 6/6
    48 | D        | Learned a level 2 spell: Ensorcelled Hibernation
    69 | D        | Noticed an ogre
    72 | D        | Killed an ogre
    72 | D        | Reached skill level 14 in Stealth
    72 | D        | Reached XP level 3. HP: 16/16 MP: 8/8
    72 | D        | Reached XP level 4. HP: 21/21 MP: 9/9
    84 | D        | Noticed Sigmund
    87 | D        | Killed Sigmund
    87 | D        | Reached skill level 18 in Stealth
    87 | D        | Reached XP level 5. HP: 24/24 MP: 10/10
    87 | D        | Reached XP level 6. HP: 28/28 MP: 11/11
   101 | D        | Found a snail-covered altar of Cheibriados.
   101 | D        | Found a viscous altar of Jiyva.
   101 | D        | Found a shadowy altar of Dithmenos.
   101 | D        | Found a blossoming altar of Fedhas.
   101 | D        | Noticed a slime creature
   104 | D        | Killed a slime creature
   104 | D        | Reached skill level 20 in Stealth
   107 | D        | Became a worshipper of Dithmenos the Shadowed
   125 | D        | Found a deep blue altar of Sif Muna.
   126 | D        | Noticed a jelly
   127 | D        | Found a radiant altar of Vehumet.
   131 | D        | Killed a jelly
   168 | D        | Found Ummioph's Food Emporium.
   168 | D        | Found a white marble altar of Elyvilon.
   168 | D        | Found a stormy altar of Qazlal.
   168 | D        | Found a burning altar of Makhleb.
   168 | D        | Found a sacrificial altar of Ru.
   168 | D        | Found a basalt altar of Yredelemnul.
   168 | D        | Found a glowing golden altar of the Shining One.
   168 | D        | Found a sparkling altar of Nemelex Xobeh.
   168 | D        | Found a shimmering altar of Xom.
   168 | D        | Found an opulent altar of Gozag.
   168 | D        | Found an ancient bone altar of Kikubaaqudgha.
   168 | D        | Found a glowing silver altar of Zin.
   168 | D        | Noticed a yak
   169 | D        | Found an iron altar of Okawaru.
   170 | D        | Killed a yak
   170 | D        | Reached skill level 21 in Stealth
   170 | D        | Reached XP level 7. HP: 32/32 MP: 12/12
   175 | D        | Learned a level 3 spell: Confuse
   179 | D        | Learned a level 3 spell: Dazzling Spray
   188 | D        | Found a bloodstained altar of Trog.
   199 | D        | Noticed Sonja
   215 | D        | Quit the game

Vault maps used:
D:        dungeon_sprint_1

Action                   |  1- 3 |  4- 6 |  7- 9 || total
-------------------------+-------+-------+-------++-------
Melee: Dagger            |     6 |     4 |     1 ||    11
 Cast: Ensorcelled Hiber |       |       |     4 ||     4
  Use: Potion            |     1 |       |     2 ||     3
 Stab: Sleeping          |     2 |     4 |       ||     6
